 Dungeon Crawl Stone Soup version 0.19-a0-1008-g4c63d25 (webtiles) character file.

31 epen the Insei (level 3, -2/26 HPs)
             Began as a Merfolk Transmuter on July 23, 2016.
             Slain by a kobold
             ... wielding a +2 dagger of electrocution
              (5 damage)
             ... on level 2 of the Dungeon.
             The game lasted 00:01:39 (1157 turns).

epen the Insei (Merfolk Transmuter)                 Turns: 1157, Time: 00:01:40

Health: -2/26      AC:  2    Str: 10    XL:     3   Next: 22%
Magic:  3/6        EV: 13    Int: 13    God:
Gold:   7          SH:  0    Dex: 14    Spells: 3 memorised, 0 levels left

rFire  . . .     SeeInvis .       - Unarmed
rCold  . . .     Gourm    .     b - +0 robe
rNeg   . . .     Faith    .     (no shield)
rPois  .         Spirit   .     (no helmet)
rElec  .         Dismiss  .     (no cloak)
rCorr  .         Reflect  .     (no gloves)
SustAt .         Harm     .     (no boots)
MR     .....                    (no amulet)
Stlth  +.........               (no ring)
                                (no ring)

@: appendage, not resistant to hostile enchantments, very unstealthy
A: change form in water, swift swim, horns 2
a: End Transformation


You were on level 2 of the Dungeon.
You were not hungry.
You had grown temporary horns.
You visited 1 branch of the dungeon, and saw 2 of its levels.

You collected 7 gold pieces.

Inventory:

Missiles
 a - 9 arrows
Armour
 b - a +0 robe (worn)
Scrolls
 e - a scroll of noise {unknown}
 h - a scroll of amnesia {unknown}
 j - 2 scrolls of identify {unknown}
 k - a scroll of enchant weapon {unknown}
Potions
 i - a potion of agility {unknown}
Books
 c - a book of Changes

   Spells                             Type                      Level
   a - Beastly Appendage              Transmutation                1
   b - Sticks to Snakes               Transmutation                2
   c - Spider Form                    Transmutation/Poison         3
   d - Ice Form                       Ice/Transmutation            4
   e - Blade Hands                    Transmutation                5
Comestibles
 d - 2 bread rations
 f - 2 meat rations
 g - a beef jerky


   Skills:
 + Level 1.4 Fighting
 + Level 3.3 Dodging
 + Level 3.5 Unarmed Combat
 * Level 2.1 Spellcasting
 * Level 3.5 Transmutations


You couldn't memorise any spells.
You knew the following spells:

 Your Spells              Type           Power        Failure   Level  Hunger
a - Beastly Appendage     Tmut           ##....       8%          1    ##.....
b - Sticks to Snakes      Tmut           ##......     10%         2    ###....
c - Spider Form           Tmut/Pois      #.........   38%         3    ####...


Dungeon Overview and Level Annotations

Branches:
Dungeon (2/15)

Altars:


Innate Abilities, Weirdness & Mutations

You revert to your normal form in water.
You are very nimble and swift while swimming.
You have a pair of horns on your head.


Message History

Casting: Sticks to Snakes
Confirm with . or Enter, or press ? or * to list all spells.
You grow a pair of large bovine horns.
Found a whip.
You hit the kobold.
The kobold is heavily wounded.
The kobold hits you with a dagger of electrocution.
You are electrocuted!
Ouch! That really hurt!
* * * LOW HITPOINT WARNING * * *
You are too injured to fight recklessly!
You are too injured to fight recklessly!
Press: ? - help, v - describe, . - travel
Here: a kobold, wielding a dagger of electrocution (heavily wounded)
The floor.
Casting: Beastly Appendage
Confirm with . or Enter, or press ? or * to list all spells.
You create a snake!
You now have 9 arrows.
The kobold hits you with a dagger of electrocution.
You die...

.........).
..(....... ..
#.......# .....
#.......# .....
#.......#
.....####.......#..
...........S......#
..?........K.....#
..........@###..##
.......((......##
............#..#
...............##
...######.......#
###########.........
#.<.(...............
#..........<.......
#..................


You could see a kobold and a friendly adder.

Vanquished Creatures
  An adder (D:1)
  A dart slug (D:1)
  6 bats (D:1)
  2 goblins (D:1)
  3 hobgoblins (D:1)
  2 kobolds (D:1)
  7 rats (D:1)
22 creatures vanquished.

Notes
Turn   | Place    | Note
-------+----------+-------------------------------------------
     0 | D:1      | epen the Merfolk Transmuter began the quest for the Orb.
     0 | D:1      | Reached XP level 1. HP: 15/15 MP: 3/3
   274 | D:1      | Reached XP level 2. HP: 16/21 MP: 3/5
   446 | D:1      | Learned a level 2 spell: Sticks to Snakes
   789 | D:1      | Reached XP level 3. HP: 21/26 MP: 1/6
   804 | D:1      | Learned a level 3 spell: Spider Form
  1157 | D:2      | Slain by a kobold

Vault maps used:
D:1:      dpeg_arrival_leaves_temple_mockup
D:2:      marbit_many_paths, gammafunk_pakellas_its_alive,
          nicolae_overflow_crystal_walls, nemelex_spade_bored_becter

Skill      XL: |  1  2 |
---------------+-------+-----
Transmutations | 3 |  3.5
Dodging        | 3 |  3.3
Fighting       | |  1.4
Unarmed Combat | |  3.5
Spellcasting   | |  2.1

Action                   || total
-------------------------++-------
Melee: Unarmed           ||    74
       Punch             ||     2
       Headbutt          ||     1
 Cast: Beastly Appendage ||     3
       Sticks to Snakes  ||     3
  Use: Potion            ||     2
 Stab: Sleeping          ||     2
  Eat: Chunk             ||     1
Armor: Robe              ||    16
Dodge: Dodged            ||    60
